 Dungeon Crawl Stone Soup version 0.27.0-1-g7a089689b8 (webtiles) character file.

Game seed: 13045885310794946468

1489 RepHenryClay the Basher (level 8, -2/62 HPs)
             Began as a Minotaur Gladiator on Aug 4, 2021.
             Was an Initiate of Qazlal.
             Slain by a two-headed ogre (10 damage)
             ... on level 6 of the Dungeon.
             The game lasted 00:06:44 (6328 turns).

RepHenryClay the Basher (Minotaur Gladiator)        Turns: 6328, Time: 00:06:44

Health: -2/62      AC:  3    Str: 19    XL:     8   Next: 51%
Magic:  0/7        EV: 12    Int:  5    God:    Qazlal [......]
Gold:   180        SH:  0    Dex: 14    Spells: 7/7 levels left

rFire    . . .     SeeInvis .   i - +1 whip (elec)
rCold    . . .     Faith    .   (no shield)
rNeg     . . .     Spirit   +   u - +0 leather armour
rPois    .         Reflect  .   c - +0 hat
rElec    .         Harm     .   (no cloak)
rCorr    .         Rampage  .   (no gloves)
Will     .....                  (no boots)
Stlth    +.........             z - amulet of guardian spirit
HPRegen  0.20/turn              (no ring)
MPRegen  0.10/turn              (no ring)

@: no status effects
A: horns 2, retaliatory headbutt
a: Renounce Religion


You were on level 6 of the Dungeon.
You worshipped Qazlal.
Qazlal was noncommittal.
You visited 2 branches of the dungeon, and saw 7 of its levels.

You collected 180 gold pieces.

Inventory:

Hand Weapons
 a - a +0 war axe
 b - a +0 eveningstar
 i - a +1 whip of electrocution (weapon)
 v - a +1 whip of flaming
Missiles
 d - 5 throwing nets (quivered)
 n - 11 poisoned darts
Armour
 c - a +0 hat (worn)
 u - a +0 leather armour (worn)
Jewellery
 e - a ring of ice
 z - an amulet of guardian spirit (around neck)
Wands
 s - a wand of flame (26)
 x - a wand of mindburst (11)
 A - a wand of iceblast (9)
Scrolls
 h - a scroll of fog {unknown}
 j - 7 scrolls of identify {unknown}
 k - 2 scrolls of acquirement {unknown}
 m - a scroll of brand weapon {unknown}
 p - 2 scrolls of teleportation {unknown}
 w - a scroll of enchant armour {unknown}
 y - a scroll of amnesia {unknown}
 B - 3 scrolls of enchant weapon {unknown}
 C - a scroll of blinking {unknown}
Potions
 f - 3 potions of heal wounds {unknown}
 g - 2 potions of ambrosia {unknown}
 l - a potion of might {unknown}
 o - a potion of attraction {unknown}
 q - a potion of degeneration {unknown}
 r - a potion of haste {unknown}
 t - 2 potions of mutation {unknown}


   Skills:
 + Level 2.4 Fighting
 - Level 7.6(9.4) Axes
 - Level 8.8(10.0) Maces & Flails
 - Level 2.0 Throwing
 + Level 5.8 Armour
 - Level 3.4 Dodging


You had 7 spell levels left.
You didn't know any spells.
Your spell library contained the following spells:

 Spells                   Type           Power      Damage    Failure   Level
 Summon Guardian Golem    Hex/Summ       0%         N/A       88%         3
 Orb of Destruction       Conj           0%         N/A       100%        7
 Spellforged Servitor     Conj/Summ      0%         N/A       100%        7


Dungeon Overview and Level Annotations

Branches:
Dungeon (6/15)             Temple (1/1) D:6

Altars:
Ashenzari
Cheibriados
Dithmenos
Elyvilon
Fedhas
Gozag
Hepliaklqana
Kikubaaqudgha
Makhleb
Nemelex Xobeh
Okawaru
Qazlal
Ru
Sif Muna
Trog
Uskayaw
Vehumet
Wu Jian
Yredelemnul
Zin
The Shining One

Annotations:
D:6 2 transporters


Innate Abilities, Weirdness & Mutations

You have a pair of horns on your head.
You reflexively headbutt those who attack you in melee.


Message History

You whack the ogre! You headbutt the ogre!
You kill the ogre!
Qazlal accepts your kill.
No target in view!
No target in view!
Magic restored.
HP restored.
A two-headed ogre comes into view.
It is wielding a +0 giant club and a +0 dire flail.
The two-headed ogre shouts in stereo!
A two-headed ogre is nearby!
A two-headed ogre is nearby!
Okay, then.
Okay, then.
Aiming: Mindburst
Press: ? - help, Shift-Dir - straight line, f - two-headed ogre
Aim: a two-headed ogre, wielding a +0 giant club and a +0 dire flail (chance to affect: 48%)
The two-headed ogre resists with some effort.
You hit the two-headed ogre. You headbutt the two-headed ogre!
The two-headed ogre is lightly wounded.
You hit the two-headed ogre.
The two-headed ogre is moderately wounded.
The two-headed ogre hits you with a +0 giant club!
The two-headed ogre hits you with a +0 dire flail!
You barely miss the two-headed ogre. You headbutt the two-headed ogre.
The two-headed ogre is moderately wounded.
You hit the two-headed ogre. You headbutt the two-headed ogre.
The two-headed ogre is moderately wounded.
The two-headed ogre hits you with a +0 giant club!!
* * * LOW HITPOINT WARNING * * *
The two-headed ogre hits you with a +0 dire flail!!
* * * LOW HITPOINT WARNING * * *
You are too injured to fight recklessly!
Okay, then.
Okay, then.
Unknown command.
The two-headed ogre completely misses you.
You furiously retaliate!
You headbutt the two-headed ogre! The two-headed ogre barely misses you.
The two-headed ogre hits you with a +0 giant club!
You die...

#.........##.#.#
#.........##.#.########## #
#.........##....#........ .
#....)..........#.#########
#...........#...#.#8P#;≈≈≈≈
#...........+.....#..#.....
#...........#....©#©$+...♣.
########....####..#..#.....
########..@.# ##.#8P#;;≈≈≈
#.........O.# #.#########
#...........# #..........
#...........# ###########
#........#### #........#
#........# #........#
#........#


You could see a two-headed ogre.

Vanquished Creatures
  Pikel (D:5)
  A water moccasin (D:5)
  A necrophage (D:5)
  An ice beast (D:5)
  An ogre (D:6)
  A centaur (D:5)
  A phantom (D:4)
  2 scorpions (D:4)
  A centaur zombie (D:5)
  2 bullfrog zombies (D:5)
  3 hounds (D:4)
  An iguana (D:4)
  2 hound skeletons (D:4)
  2 adders
  A gnoll (D:5)
  2 dart slugs
  10 orcs
  8 ball pythons
  6 bats
  5 endoplasms
  3 giant cockroaches
  8 hobgoblins
  2 jackals (D:1)
  10 kobolds
  4 quokkas
  6 frilled lizards
  13 goblins
  9 rats
107 creatures vanquished.

Notes
Turn   | Place    | Note
-------+----------+-------------------------------------------
     0 | D:1      | RepHenryClay the Minotaur Gladiator began the quest for the
                  | Orb.
     0 | D:1      | Reached XP level 1. HP: 18/18 MP: 0/0
     6 | D:1      | Found a faded altar of an unknown god.
   132 | D:1      | Reached XP level 2. HP: 17/25 MP: 1/1
   264 | D:1      | Reached skill level 1 in Armour
   828 | D:1      | Reached XP level 3. HP: 24/30 MP: 2/2
  2441 | D:3      | Reached XP level 4. HP: 37/37 MP: 3/3
  2544 | D:3      | Reached skill level 5 in Axes
  3360 | D:4      | Reached XP level 5. HP: 27/42 MP: 4/4
  3569 | D:4      | Reached XP level 6. HP: 42/50 MP: 5/5
  3591 | D:4      | Reached skill level 5 in Armour
  4209 | D:5      | Entered Level 5 of the Dungeon
  4461 | D:5      | Noticed a water moccasin
  4469 | D:5      | Killed a water moccasin
  4470 | D:5      | Reached skill level 2 in Maces & Flails
  4470 | D:5      | Reached XP level 7. HP: 46/56 MP: 6/6
  4606 | D:5      | Reached skill level 3 in Maces & Flails
  4643 | D:5      | Noticed Pikel
  4659 | D:5      | Killed Pikel
  4660 | D:5      | Reached skill level 7 in Maces & Flails
  4660 | D:5      | Reached XP level 8. HP: 29/62 MP: 7/7
  5115 | D:5      | Reached skill level 8 in Maces & Flails
  6063 | D:6      | Found a staircase to the Ecumenical Temple.
  6073 | Temple   | Entered the Ecumenical Temple
  6159 | Temple   | Became a worshipper of Qazlal Stormbringer
  6181 | D:6      | Found a transporter.
  6196 | D:6      | Found a transporter.
  6292 | D:6      | Noticed a two-headed ogre
  6299 | D:6      | HP: 2/62 [two-headed ogre (15)]
  6328 | D:6      | Slain by a two-headed ogre

Illustrated notes

Levels and vault maps discovered:
D:1:      dpeg_arrival_arbitrary_c, layout_basic,
          hellmonk_ecumenical_altar_pennies_from_heaven
D:2:      layout_basic, grunt_decor_arrowhead
D:3:      cheibrodos_greedy_goblins, layout_loops_ring
D:4:      layout_rooms
D:5:      layout_basic, minmay_crossroads, uniq_pikel
D:6:      gammafunk_steamed_eel, layout_basic, minmay_temple_entry_slanted
Temple:   dpeg_three_leaves_temple

Skill      XL: |  1  2  3  4  5  6  7  8 |
---------------+-------------------------+-----
Axes           | 4 5 6 7 |  7.6
Armour         | 1 2 3 4 5 |  5.8
Maces & Flails | 2 7 8 |  8.8
Fighting       | |  2.4
Throwing       | |  2.0
Dodging        | |  3.4

Action                   |  1- 3 |  4- 6 |  7- 9 || total
-------------------------+-------+-------+-------++-------
Melee: War axe           |    82 |    99 |       ||   181
       Headbutt          |     4 |    15 |    16 ||    35
       Whip              |       |     6 |    51 ||    57
Evoke: Wand              |       |       |     1 ||     1
 Stab: Sleeping          |       |     1 |     1 ||     2
Armor: Leather armour    |    15 |    21 |     7 ||    43
Dodge: Dodged            |    54 |    78 |    19 ||   151
